[Event "Early-Titled-Tuesday-Blitz-September-05-2023"]
[Site "Chess.com"]
[Date "2023.09.05"]
[Round "9"]
[White "Chessdude1987"]
[Black "WiktoriaPOL"]
[Result "1-0"]
[WhiteElo "2432"]
[BlackElo "2289"]
[TimeControl "180+1"]
[EndTime "9:42:46 PDT"]
[Termination "Chessdude1987 won by checkmate"]

1. e4 c5 2. Nf3 d6 3. Bc4 Nf6 4. d3 e6 5. c3 d5 6. exd5 exd5 7. Bb5+ Bd7 8. Bxd7+ Qxd7 9. d4 c4 10. O-O Be7 11. Ne5 Qf5 12. b3 b5 13. a4 bxa4 14.
bxc4 dxc4 15. Qxa4+ Nbd7 16. Nc6 Qe6 17. Nxe7 Qxe7 18.
Ba3 Qe6 19. Nd2 Qd5 20. Rfe1+ Kd8 21. Be7+ Kc7 22. Nxc4 Nb6 23. Bd6+ Qxd6 24. Qa5 Qc6 25. Re7+ Nd7 26. Ne5 Qd6 27. Rxf7 Kc8 28. Qa6+ Kd8 29. Rxd7+ Qxd7 30. Nxd7 Kxd7 31. Qb7+ Kd6 32. c4 Rhb8 33. c5+ Ke6 34. Re1+ Kf6 35. Qe7+ Kg6 36. Re6+ Kh5 37.
g4+ Kxg4 38. h3+ Kxh3 39. Re3+ Kg4 40. Qe6+ Kg5 41. Rg3+ Kf4 42. Qe5# 1-0

[Event "Early-Titled-Tuesday-Blitz-September-05-2023"]
[Site "Chess.com"]
[Date "2023.09.05"]
[Round "9"]
[White "MrBad74"]
[Black "Langua_Chess"]
[Result "0-1"]
[WhiteElo "2349"]
[BlackElo "2480"]
[TimeControl "180+1"]
[EndTime "9:42:47 PDT"]
[Termination "Langua_Chess won on time"]

1. e4 c6 2. d4 d5 3. e5 c5 4.
dxc5 e6 5. Nf3 Bxc5 6. a3 Nd7 7. Bd3 f6 8. b4 Be7 9. Bb2 Qc7 10. Bb5 a6 11.
Bxd7+ Bxd7 12. O-O Rc8 13. Qd4 Qxc2 14. Nbd2 Qf5 15. Rac1 Rxc1 16. Rxc1 Bc6 17. Qa7 Kf7 18. Nd4 Qxe5 19. N2f3 Qd6 20. Nxc6 bxc6 21. Qxa6 c5 22. Qxd6 Bxd6 23. bxc5 Bf4 24. Rb1 Ne7 25. g3 Bb8 26. Bc3 Rc8 27. Rb7 e5 28. Bb4 Ke6 29. Kf1 g5 30. h3 h5 31. Ke2 Nc6 32. Nd2 Nd4+ 33. Kd3 Bc7 34. Nf1 Nc6 35. Ne3 Bd8 36. Nc2 e4+ 37. Ke2 f5 38. h4 gxh4 39. gxh4 d4 40.
Kd2 Bxh4 41. Rh7 Bg5+ 42. Kd1 d3 0-1

[Event "Early-Titled-Tuesday-Blitz-September-05-2023"]
[Site "Chess.com"]
[Date "2023.09.05"]
[Round "9"]
[White "karinachess1"]
[Black "Nick12772"]
[Result "1-0"]
[WhiteElo "2568"]
[BlackElo "2322"]
[TimeControl "180+1"]
[EndTime "9:42:47 PDT"]
[Termination "karinachess1 won by checkmate"]

1. e4 e6 2. d4 d5 3. Nc3 Bb4 4. Ne2 Nf6 5. e5 Nfd7 6. f4 c5 7. Be3 Nc6 8. a3 c4 9. axb4 Nxb4 10. g3 h5 11. Bg2 g6 12. O-O a6 13. Nb5 Kf8 14. Nd6 Kg7 15. h3 Nc6 16. Qe1 Nb6 17.
Qf2 Nb4 18. Rfc1 Qc7 19. Nc3 Bd7 20. Rf1 Nc8 21. Nxc8 Raxc8 22. Rae1 Rh7 23. g4 hxg4 24. hxg4 Rch8 25. Re2 Kf8 26. Qg3 Qb6 27. Ref2 Ke8 28.
f5 gxf5 29. gxf5 Kd8 30. fxe6 Bxe6 31. Na4 Qc6 32. Nc5 Kc8 33. Nxe6 Qxe6 34. Rf6 Qd7 35. R1f2 Nc6 36. Rd6 Qe8 37. Bg5 Rg8 38. Rxd5 Rhg7 39. e6 fxe6 40. Bh3 Rg6 41. Rc5 Qd7 42. c3 Qd6 43. Qxd6 b6 44. Qxc6+ Kb8 45. Qc7+ Ka8 46. Qc6+ Ka7 47. Qc7+ Ka8 48. Bg2# 1-0

[Event "Early-Titled-Tuesday-Blitz-September-05-2023"]
[Site "Chess.com"]
[Date "2023.09.05"]
[Round "9"]
[White "Zkid"]
[Black "GMWSO"]
[Result "1-0"]
[WhiteElo "2886"]
[BlackElo "3048"]
[TimeControl "180+1"]
[EndTime "9:42:49 PDT"]
[Termination "Zkid won on time"]

1. e4 e6 2. d4 d5 3. Nd2 Be7 4. Bd3 c5 5. dxc5 Nf6 6. Ngf3 dxe4 7. Nxe4 Nxe4 8. Bxe4 Qxd1+ 9. Kxd1 Bxc5 10. Ke2 Nd7 11.
Be3 Bxe3 12. Kxe3 Nf6 13. Rad1 Nxe4 14. Kxe4 b6 15. Rd2 Bb7+ 16. Ke3 Rd8 17. Rhd1 Rxd2 18. Rxd2 Bxf3 19. Kxf3 Ke7 20. c4 Rc8 21. b3 g5 22.
Kg4 Rc5 23. Kh5 a5 24. g4 a4 25. Kh6 axb3 26. axb3 b5 27. Rd4 bxc4 28. Rxc4 Rd5 29. Rc7+ Kf6 30. Rc3 Rb5 31. Kxh7 Ke5 32. Rf3 f5 33.
gxf5 Ke4 34. f6 Kxf3 35. f7 Rf5 36. Kg7 Kxf2 37. b4 e5 38. b5 e4 39. b6 e3 40. b7 e2 41. b8=Q e1=Q 42. Qg3+ Ke2 43. Qg4+ Rf3 44. f8=Q Qc3+ 45. Kh6 Qc6+ 46. Kh5 Kf2 47.
Qg3+ Ke3 48. Qa3+ Ke2 49. Qg2+ Ke1 50. Qa1+ 1-0

[Event "Early-Titled-Tuesday-Blitz-September-05-2023"]
[Site "Chess.com"]
[Date "2023.09.05"]
[Round "9"]
[White "MusicCityMaster"]
[Black "Harry_Rakkel"]
[Result "1-0"]
[WhiteElo "2404"]
[BlackElo "2651"]
[TimeControl "180+1"]
[EndTime "9:42:49 PDT"]
[Termination "MusicCityMaster won by checkmate"]

1. e4 c5 2. Nf3 e6 3. d3 Nc6 4. g3 Nf6 5. Bg2 d5 6. Nbd2 Be7 7. O-O O-O 8. Re1 b5 9. e5 Nd7 10. Nf1 a5 11. h4 a4 12. a3 Qc7 13. Bf4 Bb7 14.
h5 h6 15. Qd2 Rfc8 16. N1h2 Qd8 17. Ng4 b4 18. Bxh6 gxh6 19. Nxh6+ Kg7 20. Qf4 Qf8 21.
Bh3 Nd4 22. Nxd4 cxd4 23. Re2 b3 24. cxb3 axb3 25. Ng4 Rc2 26. Rae1 Rac8 27. Qxd4 Rxe2 28.
Rxe2 Rc2 29. Bf1 Bg5 30. f4 Be7 31. Kg2 Qc8 32. f5 Rxe2+ 33. Bxe2 Qc2 34. f6+ Kf8 35. fxe7+ Kxe7 36. Qb4+ Kd8 37. Kf2 Bc6 38. h6 Qc1 39. h7 Qh1 40. Nf6 Qh2+ 41. Ke1 Nxf6 42. Qf8+ Ne8 43.
h8=Q Qg1+ 44. Kd2 Bd7 45. Qc5 Qxg3 46. Qb6+ Ke7 47. Qb4+ Kd8 48. Qhf8 Qg5+ 49. Kc3 Qxe5+ 50. Kxb3 Qxe2 51. Qfe7+ Kc7 52. Qbc5+ Kb8 53. Qd8+ Kb7 54. Qdb6+ Ka8 55. Qa7# 1-0

[Event "Early-Titled-Tuesday-Blitz-September-05-2023"]
[Site "Chess.com"]
[Date "2023.09.05"]
[Round "9"]
[White "gm_rashid"]
[Black "NowInChess"]
[Result "1-0"]
[WhiteElo "2399"]
[BlackElo "2273"]
[TimeControl "180+1"]
[EndTime "9:42:49 PDT"]
[Termination "gm_rashid won by resignation"]

1. e4 e6 2. d4 d5 3. Nc3 Nc6 4. Nf3 Nf6 5. exd5 exd5 6. Bb5 Bd6 7. O-O O-O 8. Bg5 Be6 9. Re1 h6 10. Bh4 Ne7 11. Bxf6 gxf6 12. Qd2 Kh7 13. Bd3+ Ng6 14. h4 Bg4 15. Nxd5 Bxf3 16. gxf3 Bh2+ 17. Kxh2 Qxd5 18.
Qf4 Kg7 19. Rg1 Rae8 20. c4 Qh5 21. Qg4 Qxg4 22. Rxg4 h5 23. Rg3 Kh6 24. Rag1 Rg8 25. f4 Ne7 26. Rxg8 Rxg8 27. Rxg8 Nxg8 28. Kg3 Ne7 29. Be4 c6 30. f5 Nc8 31. Kf4 Nd6 32.
Bd3 b6 33. b4 Kg7 34. c5 Ne8 35. Be4 Nc7 36. Bxc6 Na6 37. a3 Nb8 38. Be4 bxc5 39. bxc5 Nd7 40. c6 Nb6 41. d5 Nc8 42. Bd3 Kf8 43.
Ba6 Nd6 44. c7 Ke7 45. c8=Q 1-0

[Event "Early-Titled-Tuesday-Blitz-September-05-2023"]
[Site "Chess.com"]
[Date "2023.09.05"]
[Round "9"]
[White "Roman_Ovetchkin"]
[Black "Fandorine"]
[Result "0-1"]
[WhiteElo "2644"]
[BlackElo "2906"]
[TimeControl "180+1"]
[EndTime "9:42:50 PDT"]
[Termination "Fandorine won on time"]

1. d4 Nf6 2. c4 g6 3. Nc3 Bg7 4. e4 d6 5. Be2 O-O 6. Nf3 e5 7. d5 a5 8. Bg5 h6 9. Be3 Ng4 10. Bd2 f5 11. exf5 gxf5 12. h3 Nf6 13. Qc1 Kh7 14. g4 Ne4 15. Nxe4 fxe4 16. Qc2 Na6 17.
Qxe4+ Kg8 18. Bd3 Bf5 19. gxf5 Nc5 20. Qg4 Nxd3+ 21. Ke2 Nf4+ 22. Bxf4 exf4 23. Nd4 Qf6 24. Rad1 Rae8+ 25. Kf3 Kh8 26. Rhg1 Rf7 27. Rd2 Re5 28. Qh5 Qe7 29. Re2 c5 30. Ne6 Rexf5 31. Qg4 Re5 32. Rxe5 dxe5 33. Ke4 Qf6 34. Qg6 Qxg6+ 35. Rxg6 Bf6 36.
Rxh6+ Kg8 37. Rg6+ Kh7 38. Rg4 b6 39. b3 Kh6 40. a4 Kh7 41. f3 Kh6 0-1

[Event "Early-Titled-Tuesday-Blitz-September-05-2023"]
[Site "Chess.com"]
[Date "2023.09.05"]
[Round "9"]
[White "kikoveiga"]
[Black "viktorgen2021"]
[Result "0-1"]
[WhiteElo "2594"]
[BlackElo "2495"]
[TimeControl "180+1"]
[EndTime "9:42:52 PDT"]
[Termination "viktorgen2021 won by resignation"]

1. c4 Nf6 2. Nc3 g6 3. e4 d6 4. g3 Bg7 5. Bg2 O-O 6. Nge2 Nc6 7. O-O e5 8. Rb1 Nd7 9. b4 Nd4 10. d3 a5 11. a3 axb4 12. axb4 c6 13. Be3 Nxe2+ 14. Qxe2 f5 15. exf5 gxf5 16. Rfc1 Nf6 17. b5 Bd7 18. bxc6 bxc6 19. Bb6 Qe7 20. d4 f4 21. c5 Ng4 22. cxd6 Qg5 23. h3 fxg3 24.
hxg4 Bxg4 25. Qc4+ Kh8 26. Ne4 gxf2+ 27. Kf1 Qh4 28.
dxe5 Bh3 29. Nxf2 Bxg2+ 30. Kxg2 Qg5+ 31. Kf1 Qxe5 32. d7 Rf4 33. Qxf4 Qxf4 34. d8=Q+ Rxd8 35. Bxd8 Bd4 36. Rc2 Qf5 37. Rbc1 c5 38. Ba5 Kg8 39. Be1 h5 40. Re2 h4 41. Rb1 Qxb1 42. Kg2 Qf5 43. Ne4 Qg4+ 44. Ng3 hxg3 45. Re8+ Kf7 46. Bxg3 Kxe8 0-1

[Event "Early-Titled-Tuesday-Blitz-September-05-2023"]
[Site "Chess.com"]
[Date "2023.09.05"]
[Round "9"]
[White "the-gambler"]
[Black "unclear15"]
[Result "0-1"]
[WhiteElo "2469"]
[BlackElo "2442"]
[TimeControl "180+1"]
[EndTime "9:42:52 PDT"]
[Termination "unclear15 won by checkmate"]

1. d4 d5 2. Nf3 Bf5 3. e3 e6 4.
Bd3 Nf6 5. O-O Bd6 6. Ne5 Bxe5 7. dxe5 Bxd3 8. cxd3 Nfd7 9. d4 O-O 10. b3 f6 11.
Qg4 f5 12. Qe2 c5 13. Ba3 Nc6 14. Qb5 Qb6 15. Nc3 f4 16. Bxc5 Nxc5 17. dxc5 Qc7 18. exf4 Rxf4 19. Ne2 Re4 20. Ng3 Rxe5 21. Rac1 Rf8 22.
Qd3 Rg5 23. a3 Qf4 24. b4 a6 25. Rce1 Nd4 26. Qe3 Qxe3 27. Rxe3 h5 28. Rd1 Rg4 29. Nxh5 Nc2 30. Rc3 Rc4 31. Rxc4 dxc4 32. Rc1 Nxa3 33. Rc3 Rd8 34. g4 Rd3 35. Rc1 c3 36. Kf1 c2 37.
Ke2 Rd4 38. f4 Rxb4 39. f5 exf5 40. gxf5 Rc4 41. Kd2 Rxc5 42. Rg1 Rxf5 43. Rxg7+ Kf8 44. Rxb7 Rd5+ 45. Kc1 Rd1+ 46. Kb2 c1=Q+ 47. Ka2 Qa1+ 48. Kb3 Rb1+ 49. Ka4 Rxb7 50. Nf6 Nc2# 0-1

[Event "Early-Titled-Tuesday-Blitz-September-05-2023"]
[Site "Chess.com"]
[Date "2023.09.05"]
[Round "9"]
[White "Eloist"]
[Black "KatakuriDono"]
[Result "1-0"]
[WhiteElo "2443"]
[BlackElo "2323"]
[TimeControl "180+1"]
[EndTime "9:42:52 PDT"]
[Termination "Eloist won by resignation"]

1. e4 e5 2. Bc4 Nf6 3. d3 Nc6 4. Nf3 Be7 5. O-O O-O 6. Re1 d6 7. a4 Kh8 8. a5 a6 9. Nc3 Ng8 10. Nd5 f5 11. c3 fxe4 12. dxe4 Nf6 13. Nxf6 Bxf6 14. h3 Ne7 15. Ng5 Qe8 16. Ne6 Bxe6 17. Bxe6 Ng6 18. Bf5 Nh4 19. Bg4 Qf7 20. g3 Ng6 21.
Be3 Ne7 22. Kg2 d5 23. Qb3 d4 24. Qxf7 Rxf7 25. cxd4 exd4 26. Bd2 Ng6 27. f4 c5 28.
Rac1 Be7 29. Be6 Rf6 30. Bd5 Rb8 31. e5 Rff8 32. f5 Rfd8 33. Bc4 Nf8 34. Bf4 b5 35. axb6 Rxb6 36. b3 Nd7 37. Ra1 Nb8 38. g4 Bh4 39.
Bg3 Bxg3 40. Kxg3 d3 41. Rad1 d2 42. Re2 Nc6 43. Rexd2 Nd4 44. Kf4 h6 45. h4 a5 46. g5 hxg5+ 47. hxg5 Rf8 48. Rh2+ Rh6 49. gxh6 gxh6 50. Rg1 Rxf5+ 51. Ke4 h5 52. Rg8+ Kh7 53. Rhg2 Rf1 54. R2g7+ Kh6 55. Rg6+ Kh7 56. Bxf1 1-0

[Event "Early-Titled-Tuesday-Blitz-September-05-2023"]
[Site "Chess.com"]
[Date "2023.09.05"]
[Round "9"]
[White "ChEsper99"]
[Black "ElenaPershina"]
[Result "1-0"]
[WhiteElo "2184"]
[BlackElo "2297"]
[TimeControl "180+1"]
[EndTime "9:42:52 PDT"]
[Termination "ChEsper99 won by resignation"]

1. e4 c5 2. Nf3 Nc6 3. Bb5 g6 4. Bxc6 dxc6 5. d3 Bg7 6. h3 Qc7 7. Nc3 e5 8. Be3 b6 9. Qd2 h6 10. O-O Ne7 11. Nh2 f5 12. f4 Be6 13. Rae1 O-O-O 14.
Nf3 fxe4 15. Nxe4 Nf5 16. Nxe5 Bxe5 17. fxe5 Qxe5 18. Bf4 Qxb2 19. Kh2 Qd4 20. Nxc5 Bxa2 21. Ne6 Bxe6 22. Rxe6 Kb7 23. Rfe1 Rhg8 24. Be5 Qd7 25. Bf6 Rde8 26. Qe2 Qc7+ 27. Kg1 Ng3 28. Qe5 Qxe5 29. R1xe5 Rxe6 30. Rxe6 Nf5 31. g4 Ng3 32. Re7+ Ka6 33.
Kg2 Kb5 34. Kxg3 a5 35. Bd4 a4 36. Rb7 c5 37. Bc3 Ra8 38. Rg7 a3 39. Rxg6 a2 40. Ba1 Ra4 41. Rg7 Rb4 42. Ra7 Ra4 43. Rxa4 Kxa4 44.
h4 1-0

[Event "Early-Titled-Tuesday-Blitz-September-05-2023"]
[Site "Chess.com"]
[Date "2023.09.05"]
[Round "9"]
[White "banane_verte"]
[Black "03revilo"]
[Result "1-0"]
[WhiteElo "2604"]
[BlackElo "2452"]
[TimeControl "180+1"]
[EndTime "9:42:53 PDT"]
[Termination "banane_verte won by resignation"]

1. e4 c6 2. d4 d5 3. Nd2 dxe4 4. Nxe4 Bf5 5. Ng3 Bg6 6. h4 h6 7. Nf3 e6 8. Ne5 Bh7 9. Qh5 Qc7 10. Bf4 Nf6 11. Qf3 Bd6 12. O-O-O Nbd7 13. Nh5 Nxe5 14. Nxf6+ gxf6 15. dxe5 Bxe5 16. Bxh6 Qb6 17. c3 Qa5 18.
Bc4 Ke7 19. g4 Rad8 20. g5 f5 21. h5 Rxd1+ 22. Rxd1 Rd8 23. Bb3 Rxd1+ 24. Qxd1 Qc5 25. Qd2 Qd6 26. Qxd6+ Bxd6 27. Bg7 Bf4+ 28. Kd1 Bxg5 29. Ke2 Bf6 30. Bh6 e5 31. Be3 b6 32. Ba4 c5 33.
Bc6 f4 34. Bd2 Bf5 35. f3 Kd6 36. Bb7 Bg5 37. Be1 Be6 38. b3 f5 39. c4 Bd7 40.
Bc3 Be8 41. Bc8 Bxh5 42. Bxf5 Be8 43. Be4 Bc6 44. Bxc6 Kxc6 45. Bxe5 a6 46. Kd3 b5 47. Ke4 bxc4 48. bxc4 Kb6 49. Bxf4 Be7 50. Bd2 Kc6 51. Ke5 Bd6+ 52. Ke6 1-0

[Event "Early-Titled-Tuesday-Blitz-September-05-2023"]
[Site "Chess.com"]
[Date "2023.09.05"]
[Round "9"]
[White "CFalcons8"]
[Black "MasterKroket"]
[Result "1-0"]
[WhiteElo "2296"]
[BlackElo "2391"]
[TimeControl "180+1"]
[EndTime "9:42:54 PDT"]
[Termination "CFalcons8 won by resignation"]

1. e4 e5 2. d4 exd4 3. Qxd4 Nc6 4. Qc4 Nf6 5. Nc3 Bb4 6. Bd2 O-O 7. O-O-O d6 8. a3 Be6 9. Qe2 Bc5 10. f3 a6 11.
g4 b5 12. g5 Nd7 13. f4 b4 14. axb4 Bxb4 15. f5 Nd4 16. Qd3 Ne5 17. Qxd4 Bc5 18.
Qa4 Bd7 19. Qa2 a5 20. Nd5 a4 21. f6 g6 22. h4 Be6 23. h5 Qd7 24. hxg6 fxg6 25. Ne7+ Kh8 26. c4 a3 27. b3 Bd4 28.
Ne2 Bb2+ 29. Kb1 Rae8 30. Bc3 Rxe7 31. fxe7 Qxe7 32. Bd4 Qxg5 33. Bxb2 axb2 34. Qxb2 Rb8 35. Nd4 Kg8 36. Nxe6 Qe3 37. Rh3 Qxe4+ 38. Qc2 Qg4 39. Re3 Qxe6 40. Bg2 Kg7 41. Bd5 Qe8 42. Rh1 Qd8 43.
Reh3 h5 44. Rg3 Qf6 45. Be4 Kf7 46.
Rhg1 Rg8 47. Bd5+ Kg7 48. Bxg8 Kxg8 49. Rxg6+ Nxg6 50. Rxg6+ Kf7 51. Rxf6+ Kxf6 1-0

[Event "Early-Titled-Tuesday-Blitz-September-05-2023"]
[Site "Chess.com"]
[Date "2023.09.05"]
[Round "9"]
[White "Karttunen"]
[Black "colegiodemadrid"]
[Result "0-1"]
[WhiteElo "2573"]
[BlackElo "2472"]
[TimeControl "180+1"]
[EndTime "9:42:55 PDT"]
[Termination "colegiodemadrid won by checkmate"]

1. d4 Nf6 2. c4 g6 3. f3 Bg7 4.
e4 d6 5. Be3 O-O 6. Nc3 Nc6 7.
Nge2 a6 8. Qd2 Na5 9. Ng3 b5 10. cxb5 axb5 11. Bxb5 Nb3 12. Qd1 Nxa1 13. Qxa1 Ba6 14.
Bc6 Rb8 15. Kf2 h5 16. h4 Rb6 17. d5 Rb8 18. Qc1 Nd7 19. b3 Ne5 20. Qd2 e6 21. Ba4 Nd3+ 22. Kg1 Qf6 23. Nge2 Qe7 24. Bg5 Bf6 25. Rh3 Bxg5 26. hxg5 e5 27. Ng3 Nf4 28. Rh2 Qxg5 29. Nf1 Bxf1 30. Kxf1 Qg3 31. Rh1 Rb4 32. Bd7 Rd4 33. Qf2 Qxf2+ 34. Kxf2 Rd2+ 35.
Ke1 Rxg2 36. Kd1 Kg7 37. Bc6 h4 38. a4 h3 39. Ke1 h2 40. Kf1 Rc2 41. Nd1 Rb8 42.
Bb5 f5 43. exf5 gxf5 44. Bc4 Kf6 45. a5 Rg8 46. a6 Nh3 47. Ke1 Rg1+ 48. Bf1 Rxh1 49.
a7 Rxf1+ 50. Kxf1 h1=Q# 0-1

[Event "Early-Titled-Tuesday-Blitz-September-05-2023"]
[Site "Chess.com"]
[Date "2023.09.05"]
[Round "9"]
[White "DeArron_Fox"]
[Black "Aleksandar-Topalov"]
[Result "0-1"]
[WhiteElo "2491"]
[BlackElo "2375"]
[TimeControl "180+1"]
[EndTime "9:42:56 PDT"]
[Termination "Aleksandar-Topalov won on time"]

1. d4 e6 2. c4 f5 3. g3 Nf6 4. Bg2 Be7 5. Nf3 O-O 6. O-O d6 7. Nc3 Ne4 8. Qc2 Nxc3 9. bxc3 Nc6 10. e4 e5 11. d5 Nb8 12. c5 fxe4 13. Qxe4 Bf5 14.
Qc4 Nd7 15. Ba3 Kh8 16. Rfe1 Nxc5 17. Bxc5 dxc5 18. Nxe5 Bd6 19. Rad1 a6 20. f4 Qf6 21. Qb3 b5 22. c4 b4 23. Re2 a5 24. Qa4 h5 25.
Rde1 Bc8 26. Kh1 Ba6 27. Nd7 Qg6 28. Nxf8 Rxf8 29. Re8 Bxc4 30. Rxf8+ Bxf8 31. Qd7 Qd6 32. Qc8 Bxa2 33. Re8 Kg8 34. Bh3 Bxd5+ 35. Kg1 c4 36. f5 c3 37. f6 Qxf6 38. Qxc7 Qd4+ 39. Kf1 Bc4+ 40. Kg2 Qd2+ 41. Kf3 Qd5+ 42. Ke3 Qg5+ 43. Kd4 Bf7 44. Be6 Bxe6 45. Rxe6 Qd2+ 46. Ke5 c2 0-1

[Event "Early-Titled-Tuesday-Blitz-September-05-2023"]
[Site "Chess.com"]
[Date "2023.09.05"]
[Round "9"]
[White "XDPS"]
[Black "amintabatabaei"]
[Result "0-1"]
[WhiteElo "2864"]
[BlackElo "3017"]
[TimeControl "180+1"]
[EndTime "9:42:59 PDT"]
[Termination "amintabatabaei won on time"]

1. d4 Nf6 2. Nf3 d5 3. Bf4 c5 4.
e3 Nc6 5. Nbd2 cxd4 6. exd4 Qb6 7. Nb3 Bf5 8. c3 e6 9. Be2 h6 10. O-O Be7 11. Re1 O-O 12. a4 Na5 13. Nfd2 Rac8 14.
h3 a6 15. Nxa5 Qxa5 16. Nb3 Qd8 17. a5 Ne4 18. Bd3 Nd6 19. Nc5 Bxd3 20. Nxd3 Nc4 21. Qa4 Qe8 22. Qb3 Qc6 23. Re2 Rfe8 24. Qa2 Bf8 25.
Rc1 Qb5 26. b4 Nb2 27. Qxb2 Qxd3 28. Re3 Qb5 29. Rg3 Kh8 30. Re1 Rc4 31. Qe2 Rec8 32.
Qh5 Qe8 33. Ree3 Kh7 34. Bxh6 f6 35. Qh4 gxh6 36. Qxf6 R4c7 37. Rxe6 Qf7 38. Qe5 Re7 39. Rf6 Qe8 40. Qf5+ Kh8 41. Rfg6 Bg7 42. Qxd5 Rc6 43. R6g4 Rf6 44. f4 Qf8 45. Qh5 Rxf4 46. Rxg7 Rxg7 47. Qxh6+ Rh7 0-1

[Event "Early-Titled-Tuesday-Blitz-September-05-2023"]
[Site "Chess.com"]
[Date "2023.09.05"]
[Round "9"]
[White "Rutricks"]
[Black "CheckThis4"]
[Result "1-0"]
[WhiteElo "2663"]
[BlackElo "2662"]
[TimeControl "180+1"]
[EndTime "9:42:59 PDT"]
[Termination "Rutricks won on time"]

1. Nf3 e6 2. b3 d5 3. Bb2 Nf6 4.
e3 Bd6 5. Be2 O-O 6. O-O c5 7.
c4 Nc6 8. cxd5 exd5 9. d4 cxd4 10. Nxd4 Re8 11. Nc3 Nxd4 12. Qxd4 Be5 13. Qd3 Be6 14. Rad1 Qe7 15. f4 Bc7 16. Bf3 Rad8 17. Nb5 Bb6 18.
Ba3 Bc5 19. Bxc5 Qxc5 20. Nd4 Rc8 21. h3 Bd7 22. Rf2 Qc3 23. Re2 h5 24. Kf2 h4 25.
Rc2 Qa5 26. Rdd2 Rcd8 27. Qc3 Qa6 28. a4 Ne4+ 29. Bxe4 Rxe4 30. Qc7 Qf6 31. Nf3 Bf5 32. Rc5 Rde8 33. Rcxd5 Rxe3 34. Re5 R3xe5 35. fxe5 Qh6 36. Qd6 Re6 37. Qd8+ Kh7 38. Rd4 g5 39. Nxg5+ Kg7 40. Nxe6+ Qxe6 41. Qg5+ Bg6 42. Qf6+ Qxf6+ 43. exf6+ Kxf6 44.
Rxh4 Ke5 45. Rb4 b6 46. Ke3 f6 47. Rb5+ Ke6 48. a5 Be8 49. axb6 Bxb5 50. b7 1-0

[Event "Early-Titled-Tuesday-Blitz-September-05-2023"]
[Site "Chess.com"]
[Date "2023.09.05"]
[Round "9"]
[White "H_E_D_G_E_H_O_G"]
[Black "Khromkin"]
[Result "0-1"]
[WhiteElo "2079"]
[BlackElo "2397"]
[TimeControl "180+1"]
[EndTime "9:43:00 PDT"]
[Termination "Khromkin won on time"]

1. d4 d5 2. Nf3 a6 3. Bf4 c5 4.
e3 Nc6 5. c3 Bg4 6. Nbd2 e6 7.
Qb3 Bxf3 8. Nxf3 Bd6 9. Qxb7 Na5 10. Qxa8 Qxa8 11. Bxd6 c4 12. b4 Nb7 13. Bc5 Ne7 14.
Be2 f6 15. O-O Kf7 16. a4 Rc8 17. Rfb1 Nf5 18. Bb6 Nfd6 19. b5 a5 20. Bd1 Ne4 21.
Rc1 Nbd6 22. Ra2 g5 23. Ne1 Nf5 24. g3 Kg6 25. Ng2 h5 26. f3 Ned6 27. Bc2 Kf7 28. e4 dxe4 29. fxe4 Nh6 30. Rf1 Nxe4 31. Bxe4 Qxe4 32.
Bxa5 h4 33. Re1 Qd3 34. b6 h3 35. Ne3 Nf5 36. Nxf5 exf5 37. b7 Rb8 38. Rb2 Qf3 39. Reb1 Kg6 40. Rf1 Qe4 41. Rff2 Rxb7 42. Rxb7 Qxb7 43.
Bb4 Qe4 44. a5 f4 45. Bc5 Qb1+ 46. Rf1 Qa2 47. Rf2 Qxa5 48. gxf4 g4 49. Bd6 Qa1+ 50.
Rf1 Qxc3 51. f5+ Kh5 52. Rd1 Qc2 0-1

[Event "Early-Titled-Tuesday-Blitz-September-05-2023"]
[Site "Chess.com"]
[Date "2023.09.05"]
[Round "9"]
[White "UB_TheQueen"]
[Black "rachidhuilda"]
[Result "0-1"]
[WhiteElo "2082"]
[BlackElo "2301"]
[TimeControl "180+1"]
[EndTime "9:43:01 PDT"]
[Termination "rachidhuilda won on time"]

1. e4 d5 2. exd5 Qxd5 3. Nc3 Qa5 4. d4 c6 5. Bc4 Nf6 6. Nf3 Bf5 7. Bd2 e6 8. Bb3 Qc7 9. Ne5 Nbd7 10. Qe2 Bb4 11.
O-O-O Nxe5 12. dxe5 Nd5 13. Nxd5 Bxd2+ 14. Rxd2 exd5 15. g4 Bg6 16. f4 Be4 17. Re1 O-O-O 18. c3 g5 19. f5 Qxe5 20. Bc2 Rhe8 21. Bxe4 dxe4 22. Rxd8+ Kxd8 23. Qc4 Re7 24. Rd1+ Kc8 25. h3 Qf4+ 26. Kc2 e3 27. Qd3 Qe4 28. Qxe4 Rxe4 29. Kd3 Ra4 30. a3 h5 31. Rg1 hxg4 32. hxg4 Kd7 33.
Kxe3 Kd6 34. Rd1+ Ke5 35. Rd7 Rxg4 36. Rxf7 b5 37. f6 Rf4 38. Rg7 Kxf6 39. Rxa7 Rh4 40. Rc7 Rc4 41. Kd3 Kf5 42. b3 Rc5 43. Kd4 Rd5+ 44.
Ke3 Rd6 45. a4 bxa4 46. bxa4 g4 47. a5 Rd5 48. a6 Re5+ 49. Kf2 Rc5 50. a7 Ra5 51.
Kg3 Ra3 0-1

[Event "Early-Titled-Tuesday-Blitz-September-05-2023"]
[Site "Chess.com"]
[Date "2023.09.05"]
[Round "9"]
[White "AlexandraSamaganova"]
[Black "Truequitos"]
[Result "0-1"]
[WhiteElo "2280"]
[BlackElo "2432"]
[TimeControl "180+1"]
[EndTime "9:43:03 PDT"]
[Termination "Truequitos won on time"]

1. c4 e5 2. Nc3 Nc6 3. g3 g6 4. Bg2 Bg7 5. e3 d6 6. Nge2 Be6 7. Nd5 Qd7 8. h3 Nd8 9. d3 c6 10. Ndc3 Ne7 11. Rb1 O-O 12. b4 f5 13. f4 exf4 14.
gxf4 d5 15. c5 d4 16. exd4 Bxd4 17. Nxd4 Qxd4 18. Ne2 Qf6 19. O-O Bxa2 20. Bb2 Qh4 21. Ra1 Bd5 22. Qc2 Bxg2 23. Kxg2 Nd5 24. Rf3 Ne6 25. Qb3 Rf7 26. Raf1 Re8 27. R1f2 h6 28. Be5 Kh7 29. b5 g5 30. bxc6 bxc6 31. Qa4 g4 32. hxg4 fxg4 33. Rg3 Ng7 34. Qe4+ Nf5 35. Kf1 Kg8 36.
Rgg2 Nde3+ 37. Kg1 Nxg2 38. Rxg2 h5 39. Kf1 Rd8 40. d4 Re8 41. Qxc6 Ree7 42. Qg6+ Kf8 43. Bd6 Nxd6 44. cxd6 Qh1+ 45. Rg1 Qf3+ 0-1

[Event "Early-Titled-Tuesday-Blitz-September-05-2023"]
[Site "Chess.com"]
[Date "2023.09.05"]
[Round "9"]
[White "Korchmar_Vasiliy"]
[Black "Boundless_Strike"]
[Result "1-0"]
[WhiteElo "2714"]
[BlackElo "2554"]
[TimeControl "180+1"]
[EndTime "9:43:07 PDT"]
[Termination "Korchmar_Vasiliy won by resignation"]

1. e4 d6 2. d4 e5 3. Nf3 Bg4 4. dxe5 Nc6 5. Bb5 Qd7 6. h3 Bh5 7. Bf4 O-O-O 8. exd6 Qe8 9. O-O Qxe4 10. Bxc6 Qxf4 11. Bxb7+ Kb8 12. Qd5 Bxf3 13. Qxf3 Bxd6 14. g3 Qxf3 15. Bxf3 Be5 16. Na3 Nf6 17. Nc4 Bd4 18. c3 Bb6 19. a4 a5 20. Ne5 Rd2 21.
b4 Re8 22. Nc6+ Kc8 23. bxa5 Bc5 24. a6 Ne4 25. Bxe4 Rxe4 26. Rab1 Rxa4 27. Rb8+ Kd7 28. Rd8+ Kxc6 29. Rxd2 Rxa6 30. Kg2 Ra3 31. Rc1 h6 32. h4 Rb3 33. Rcc2 Bd6 34. Rd4 Be5 35. Re4 Kd5 36. Re3 Rb1 37. Rd2+ Ke6 38. f4 f6 39.
fxe5 fxe5 40. Rde2 Rb5 41. Re4 Rc5 42. R2e3 c6 43.
h5 Ra5 44. g4 Rc5 45. Kg3 Rd5 46. Kf3 Rc5 47. Rd3 Ra5 48. Rc4 c5 49. Ke4 Rb5 50.
Rd5 Rb1 51. Rxe5+ Kf6 52. Rf5+ Ke6 53. Rcxc5 Re1+ 54. Kd3 Rd1+ 55. Ke2 Rd7 56. Rce5+ Kd6 57. Rd5+ 1-0

[Event "Early-Titled-Tuesday-Blitz-September-05-2023"]
[Site "Chess.com"]
[Date "2023.09.05"]
[Round "9"]
[White "Ali_rastbod"]
[Black "ContrVersia"]
[Result "1-0"]
[WhiteElo "2722"]
[BlackElo "2908"]
[TimeControl "180+1"]
[EndTime "9:43:09 PDT"]
[Termination "Ali_rastbod won on time"]

1. Nf3 d5 2. g3 Nd7 3. d4 Nb6 4. a4 a5 5. b3 Bf5 6. Ba3 Nf6 7. Bg2 h6 8. O-O e6 9. Bxf8 Rxf8 10. Na3 Ke7 11. c4 c6 12. Ne5 Nbd7 13. Nd3 Qb6 14. e3 Rfd8 15. Rc1 Rac8 16. Re1 Kf8 17. h3 Qa6 18. Qd2 c5 19. Nb5 cxd4 20. exd4 dxc4 21. bxc4 Nb6 22. Ne5 Nxa4 23. Qa2 Nb6 24. Qa3+ Kg8 25. Nd6 Rc7 26. Nb5 Nxc4 27. Nxc7 Nxa3 28. Nxa6 bxa6 29. g4 Bh7 30. Nc6 Rd6 31. Nxa5 Bg6 32. Nc4 Nxc4 33. Rxc4 Bd3 34. Ra4 Bb5 35. Rb4 Nd5 36. Bxd5 Rxd5 37. Re5 Rd6 38. Rc5 g5 39. Kg2 Kg7 40. Kg3 Kg6 41.
f4 gxf4+ 42. Kxf4 f6 43. h4 Rd7 44. Kg3 Kf7 45. Kf4 Kg7 46. Ke3 Kg6 47. Rb1 Rb7 48. Rbc1 Rd7 49. Rc7 Rd8 50. R1c5 1-0